 Dungeon Crawl Stone Soup version 0.31-a0-986-g5e6e4ef867 (webtiles) character file.

Game seed: 4516568795256956140

2144 croobank the Sneak (level 8, -8/68 HPs)
             Began as a Demigod Delver on Nov 9, 2023.
             Mangled by a vampire (9 damage)
             ... on level 6 of the Dungeon on Nov 10, 2023.
             The game lasted 00:25:38 (6958 turns).

croobank the Sneak (Demigod Delver)                 Turns: 6958, Time: 00:25:38

Health: -8/68      AC:  7    Str: 13      XL:     8   Next: 83%
Magic:  10/10      EV: 11    Int: 18 (20) God:
Gold:   265        SH: 15    Dex: 14 (15) Spells: 7/7 levels left

rFire   . . .        x - +3 dagger (venom)
rCold   . . .        r - +5 kite shield
rNeg    . . .        b - +0 leather armour
rPois   .            D - +2 helmet
rElec   .            J - +0 cloak
rCorr   +            (no gloves)
SInv    +            (no boots)
Will    +....        (no amulet)
Stlth   +++          h - ring of resist corrosion
HPRegen 0.31/turn    n - ring of see invisible
MPRegen 0.12/turn

%: no passive effects
@: enlightened, flying
A: high MP 1, forlorn, divine attributes
a: no special abilities


You were on level 6 of the Dungeon.
You visited 2 branches of the dungeon, and saw 7 of its levels.

You collected 265 gold pieces.

Inventory:

Hand Weapons
 a - a +0 short sword
 c - the +3 Elemental Staff {ele, rElec rF+ rC+ AC+3}
   (You acquired it on level 6 of the Dungeon)

   AC+3:      It affects your AC (+3).
   rF+:       It protects you from fire.
   rC+:       It protects you from cold.
   rElec:     It insulates you from electricity.
 f - a +3 spear
 i - a +2 hand axe of draining
 l - a +0 war axe
 v - a +0 trident
 x - a +3 dagger of venom (weapon)
Armour
 b - a +0 leather armour (worn)
 r - a +5 kite shield (worn)
 B - a +0 ring mail
 D - a +2 helmet (worn)
 J - a +0 cloak (worn)
Magical Staves
 F - a staff of air
Jewellery
 h - a ring of resist corrosion (left hand)
 k - a ring of flight
 n - a ring of see invisible (right hand)
 y - a ring of protection from fire
 C - a ring of fire
 G - a ring of magical power
 I - a ring of fire
Wands
 g - a wand of digging (3)
Scrolls
 d - 3 scrolls of revelation
 e - a scroll of poison
 j - 2 scrolls of identify
 E - a scroll of vulnerability
Potions
 m - 4 potions of brilliance
 o - 2 potions of attraction


   Skills:
 + Level 5.3 Fighting
 - Level 5.0 Short Blades
 * Level 0.0 Staves
 + Level 4.7 Dodging
 + Level 6.7 Stealth
 * Level 5.9 Shields
 * Level 0.0 Spellcasting
 * Level 0.0 Fire Magic


You had 7 spell levels left.
You didn't know any spells.
Your spell library contained the following spells:

 Spells                   Type           Power      Damage    Failure   Level
 Dazzling Flash           Conj/Hex       0%         N/A       95%         3
 Summon Guardian Golem    Hex/Summ       0%         N/A       95%         3
 Volatile Blastmotes      Fire/Tloc      0%         2d10      95%         3
 Fulminant Prism          Conj/Hex       0%         3d5       100%        4
 Iskenderun's Mystic Bla  Conj/Tloc      0%         2d3       100%        4
 Starburst                Conj/Fire      0%         6d3       100%        6
 Haunt                    Necr/Summ      0%         N/A       100%        7
 Orb of Destruction       Conj           0%         9d5       100%        7
 Spellforged Servitor     Conj/Summ      0%         N/A       100%        7
 Borgnjor's Revivificati  Necr           0%         N/A       100%        8
 Maxwell's Capacitive Co  Air            0%         ∞         100%        8
 Death's Door             Necr           0%         N/A       100%        9


Dungeon Overview and Level Annotations

Branches:
Dungeon (6/15)             Temple (1/1) D:5

Annotations:
D:3 3 runed translucent doors, pants's ghost, amateur HOFi


Innate Abilities, Weirdness & Mutations

You have an increased reservoir of magic. (+10% MP)
You shall have no god before yourself.
Your divine heritage dramatically boosts your attributes as you level up.


Message History

You bump into the rock wall.
You feel less confused. The vampire closely misses you. The vampire bites you.
The vampire draws strength from your injuries!
You hit the vampire but do no damage. The vampire barely misses you.
The vampire bites you!
The vampire draws strength from your injuries!
You hit the vampire.
The vampire is lightly damaged.
You block the vampire's attack.
The vampire bites you but does no damage.
You hit the vampire.
The vampire is lightly damaged.
The vampire hits you!
* * * LOW HITPOINT WARNING * * *
The vampire bites you.
* * * LOW HITPOINT WARNING * * *
The vampire draws strength from your injuries!
You hit the vampire but do no damage.
The vampire is lightly damaged.
The vampire misses you. You block the vampire's attack.
You closely miss the vampire.
The vampire is lightly damaged.
The vampire hits you!
* * * LOW HITPOINT WARNING * * *
The vampire bites you.
* * * LOW HITPOINT WARNING * * *
The vampire draws strength from your injuries!
Okay, then.
The vampire attacks as it pursues you! You block the vampire's attack. x2
Items here: ))) ÷.
The vampire attacks as it pursues you! The vampire closely misses you.
You block the vampire's attack. The vampire attacks as it pursues you!
The vampire closely misses you. You block the vampire's attack.
The vampire attacks as it pursues you! The vampire hits you.
* * * LOW HITPOINT WARNING * * *
You block the vampire's attack. The vampire attacks as it pursues you!
The vampire hits you!
You die...

#### ...#############
......##.......#
...##..........####
########........<.###############
#.......##................
#.........#########.......
#.......#@#......##.......
#.......#V#......##†...... #
####.####........##....... ####
#...##.#......##....... ...#####
#....#.#......##.......
.#.....####.##.).#########.......
.#####...........# #.......
..##.............#### #.......
#......#.##.####....######.######


You could see a vampire (invisible).

Vanquished Creatures
  A two-headed ogre (D:6)
  Sigmund (D:6)
  A black bear (D:5)
  3 ogres
  A phantom (D:6)
  A scorpion (D:3)
  3 wights (D:6)
  A killer bee (D:6)
  3 hounds
  5 jellies
  An orc priest (D:4)
  2 sleepcaps (D:6)
  An iguana (D:6)
  Robin (D:3)
  8 gnolls
  7 adders
  A shadow imp (D:5)
  2 ufetubi (D:6)
  3 worms
  4 dart slugs
  4 orcs
  20 endoplasms
  3 giant cockroaches
  20 goblins
  13 hobgoblins
  5 jackals
  5 quokkas
  9 ball pythons
  5 bats
  5 frilled lizards
  17 kobolds
  9 rats
165 creatures vanquished.

Vanquished Creatures (collateral kills)
  A wight (D:6)
1 creature vanquished.

Vanquished Creatures (others)
  A wight (D:6)
1 creature vanquished.

Grand Total: 167 creatures vanquished

Notes
Turn   | Place    | Note
-------+----------+-------------------------------------------
     0 | D:5      | croobank the Demigod Delver began the quest for the Orb.
     0 | D:5      | Reached XP level 1. HP: 18/18 MP: 3/3
    10 | D:6      | Noticed an ogre
    15 | D:4      | Noticed a jelly
   202 | D:3      | Noticed a scorpion
   212 | D:3      | Killed a scorpion
   213 | D:3      | Reached XP level 2. HP: 26/26 MP: 4/4
   213 | D:3      | Reached XP level 3. HP: 31/31 MP: 5/5
   694 | D:1      | Reached XP level 4. HP: 25/38 MP: 6/6
  1084 | D:1      | Reached skill level 5 in Stealth
  1687 | D:1      | Reached skill level 1 in Shields
  2069 | D:2      | Reached XP level 5. HP: 44/45 MP: 7/7
  2789 | D:3      | Found a runed translucent gate.
  2789 | D:3      | Found a runed translucent gate.
  2790 | D:3      | Found a runed translucent gate.
  2790 | D:3      | Noticed pants's ghost (amateur HOFi)
  3691 | D:4      | Reached XP level 6. HP: 52/52 MP: 8/8
  4026 | D:4      | Noticed Robin
  4244 | D:3      | Killed Robin
  5462 | D:5      | Reached XP level 7. HP: 44/59 MP: 9/9
  5574 | D:6      | Noticed Sigmund
  5578 | D:6      | Killed Sigmund
  5609 | D:6      | Reached skill level 6 in Stealth
  5927 | D:5      | Found a staircase to the Ecumenical Temple.
  5934 | Temple   | Entered the Ecumenical Temple
  5993 | D:6      | Reached XP level 8. HP: 57/67 MP: 10/10
  6451 | D:6      | Identified a scroll of acquirement
  6551 | D:6      | Noticed a two-headed ogre
  6604 | D:6      | Killed a two-headed ogre
  6605 | D:6      | Reached skill level 5 in Fighting
  6605 | D:6      | Reached skill level 5 in Shields
  6865 | D:6      | Reached skill level 5 in Short Blades
  6915 | D:6      | Acquired the +3 Elemental Staff {ele, rElec rF+ rC+ AC+3}
  6915 | D:6      | Found the +3 Elemental Staff {ele, rElec rF+ rC+ AC+3}
  6949 | D:6      | HP: 2/68 [vampire (5)]
  6957 | D:6      | HP: 1/68 [vampire (4)]
  6958 | D:6      | Mangled by a vampire

Illustrated notes

Levels and vault maps discovered:
D:1:      minmay_arrival_glassed_features, layout_basic
D:2:      layout_loops_ring, basic_altar,
          hellmonk_ecumenical_altar_slurped_away, nicolae_grassy_gnolls
D:3:      cheibrodos_fertilizer, layout_loops_ring, ebering_ghost_rock_garden
D:4:      kennysheep_goblin_castle, layout_basic
D:5:      layout_rooms, minmay_temple_entry_trees
D:6:      minmay_cornered_nines, layout_rooms, chequers_arboretum,
          patterned_corridor, uniq_sigmund
Temple:   bh_familiar_temple

Skill      XL: |  1  2  3  4  5  6  7  8 |
---------------+-------------------------+-----
Short Blades   | 2 3 4 5 |  5.0
Dodging        | 2 3 4 |  4.7
Fighting       | 3 4 5 |  5.3
Stealth        | 5 6 |  6.7
Shields        | 1 2 3 4 5 |  5.9

Action                     |  1- 3 |  4- 6 |  7- 9 || total
---------------------------+-------+-------+-------++-------
  Melee: Short sword       |    74 |    38 |       ||   112
         Dagger            |       |   338 |   207 ||   545
         Punch             |       |     6 |       ||     6
  Evoke: Wand              |       |       |     2 ||     2
    Use: Scroll            |       |     6 |    13 ||    19
         Potion            |       |     1 |    11 ||    12
   Stab: Sleeping          |     6 |    18 |     2 ||    26
         Distracted        |       |     1 |     1 ||     2
 Armour: Leather armour    |    30 |   212 |   123 ||   365
  Dodge: Dodged            |    31 |   214 |   117 ||   362
  Block: Kite shield       |       |       |    49 ||    49

Table legend: (Time is in decaauts)
 A = Elapsed time spent in this place.
 B = Non-inter-level travel time spent in this place.
 C = Inter-level travel time spent in this place.
 D = Time resting spent in this place.
 E = Time spent auto-exploring this place.
 F = Levels seen in this place.
 G = Mean time per level.
                   A        B        C        D        E       F      G
               +--------+--------+--------+--------+--------+-----+--------+
         Total |   6860 |   6657 |    203 |   1818 |   3038 |   7 |  980.0 |
       Dungeon |   6858 |   6655 |    203 |   1818 |   3038 |   6 | 1143.0 |
        Temple |      1 |      1 |      0 |      0 |      0 |   1 |    1.0 |
               +--------+--------+--------+--------+--------+-----+--------+

Top non-repeatable levels by time:
     D:1: 1583 daAuts
     D:4: 1407 daAuts
     D:3: 1399 daAuts
     D:6: 1006 daAuts
     D:5: 741 daAuts
     D:2: 720 daAuts
  Temple: 1 daAuts
